 Dungeon Crawl Stone Soup version 0.19.5 (webtiles) character file.

1922 Plasmo the Firebug (level 8, -2/67 HPs)
             Began as a Yellow Draconian Fire Elementalist on May 20, 2017.
             Was a Follower of Vehumet.
             Slain by a manticore (9 damage)
             ... on level 7 of the Dungeon.
             The game lasted 00:33:16 (8269 turns).

Plasmo the Firebug (DrFE)                           Turns: 8269, Time: 00:33:17

Health: -2/67      AC:  7    Str: 14    XL:     8   Next: 96%
Magic:  8/14       EV: 13    Int: 15    God:    Vehumet [*.....]
Gold:   334        SH:  0    Dex:  9    Spells: 5 memorised, 3 levels left

rFire  . . .     SeeInvis .     j - +1 morningstar
rCold  . . .     Gourm    .     (armour unavailable)
rNeg   . . .     Faith    .     (no shield)
rPois  +         Spirit   .     (helmet restricted)
rElec  .         Reflect  .     (no cloak)
rCorr  +         Harm     .     (no gloves)
MR     .....                    d - +0 pair of boots
Stlth  ++........               x - amulet of regeneration
                                (no ring)
                                (no ring)

@: barbed spikes
A: spit acid, acid resistance, unfitting armour, antennae 1, clumsy 1, dopey 1,
poison resistance, screaming 1, strong 1, cold-blooded, subdued magic 1, AC +6
a: Spit Acid, Renounce Religion


You were on level 7 of the Dungeon.
You worshipped Vehumet.
Vehumet was aware of your devotion.
You were not hungry.

You visited 2 branches of the dungeon, and saw 8 of its levels.

You collected 334 gold pieces.

Inventory:

Hand Weapons
 j - a +1 morningstar (weapon)
 l - a +0 whip
Armour
 d - a +0 pair of boots (worn)
 e - a -2 buckler
Jewellery
 m - an uncursed ring of fire
 s - an uncursed ring of fire
 x - an amulet of regeneration (around neck)
Wands
 r - a wand of paralysis (15/24)
 t - a wand of random effects (25/48)
 C - a wand of random effects (12/48)
Scrolls
 i - a scroll of magic mapping
 o - 5 scrolls of identify
 p - 4 scrolls of remove curse
 v - 3 scrolls of recharging
 y - a scroll of vulnerability
Potions
 c - 2 potions of brilliance
 g - 4 potions of might
 h - 5 potions of curing
 u - a potion of ambrosia
 w - a potion of magic
 z - a potion of invisibility
 A - a potion of flight
Books
 a - a book of Flames

   Spells                             Type                      Level
   a - Flame Tongue                   Conjuration/Fire             1
   b - Throw Flame                    Conjuration/Fire             2
   c - Conjure Flame                  Conjuration/Fire             3
   d - Inner Flame                    Hexes/Fire                   3
   e - Sticky Flame                   Conjuration/Fire             4
   f - Fireball                       Conjuration/Fire             5
 f - a book of Changes

   Spells                             Type                      Level
   a - Beastly Appendage              Transmutation                1
   b - Sticks to Snakes               Transmutation                2
   c - Spider Form                    Transmutation/Poison         3
   d - Ice Form                       Ice/Transmutation            4
   e - Blade Hands                    Transmutation                5
 n - a book of Maledictions

   Spells                             Type                      Level
   a - Corona                         Hexes                        1
   b - Ensorcelled Hibernation        Hexes/Ice                    2
   c - Confuse                        Hexes                        3
   d - Tukima's Dance                 Hexes                        3
   e - Dazzling Spray                 Conjuration/Hexes            3
 B - a Young Poisoner's Handbook

   Spells                             Type                      Level
   a - Sting                          Conjuration/Poison           1
   b - Mephitic Cloud                 Conjuration/Poison/Air       3
   c - Olgreb's Toxic Radiance        Poison                       4
   d - Alistair's Intoxication        Transmutation/Poison         5
   e - Venom Bolt                     Conjuration/Poison           5
Comestibles
 b - 4 bread rations
 q - a meat ration


   Skills:
 * Level 4.3 Fighting
 * Level 2.9 Maces & Flails
 * Level 3.7 Dodging
 + Level 3.1 Stealth
 * Level 3.8 Shields
 + Level 2.9 Unarmed Combat
 * Level 4.6 Spellcasting
 * Level 4.2 Conjurations
 * Level 5.2 Fire Magic
 * Level 0.6 Air Magic
 + Level 0.0 Evocations


You had 3 spell levels left.
You knew the following spells:

 Your Spells              Type           Power        Failure   Level  Hunger
a - Flame Tongue          Conj/Fire      ##...        1%          1    None
b - Throw Flame           Conj/Fire      ##....       3%          2    ##.....
c - Conjure Flame         Conj/Fire      ##......     8%          3    ###....
d - Sticky Flame          Conj/Fire      ##......     24%         4    ####...
e - Mephitic Cloud        Conj/Pois/Air  #.......     26%         3    ###....


Dungeon Overview and Level Annotations

Branches:
Dungeon (7/15)             Temple (1/1) D:4

Altars:
Cheibriados
Dithmenos
Elyvilon
Fedhas
Gozag
Hepliaklqana
Kikubaaqudgha
Makhleb
Nemelex Xobeh
Okawaru
Qazlal
Sif Muna
Trog
Uskayaw
Vehumet
Xom
Yredelemnul
Zin
The Shining One

Shops:
D:5 %


Innate Abilities, Weirdness & Mutations

You can spit globs of acid.
You are resistant to acid.
Your golden yellow scales are hard. (AC +6)
You cannot fit into any form of body armour.
You are cold-blooded and may be slowed by cold attacks.
You have a pair of small antennae on your head.
You are clumsy. (Dex -2)
You are dopey. (Int -2)
Your system is resistant to poisons. (rPois)
You occasionally shout uncontrollably at your foes.
Your muscles are strong. (Str +2)
Your spells are a little easier to cast, but a little less powerful.


Message History

You hit the manticore.
The manticore is almost dead.
The manticore bites you but does no damage.
The manticore claws you. The manticore claws you!
* * * LOW HITPOINT WARNING * * *
The manticore bites you!
* * * LOW HITPOINT WARNING * * *
The manticore closely misses you.
The manticore claws you but does no damage.
You feel much better. The manticore closely misses you.
The manticore claws you. The manticore completely misses you.
Casting: Sticky Flame
Confirm with . or Enter, or press ? or * to list all spells.
Aiming: Flame Tongue
Press: ? - help, Shift-Dir - straight line, f/p - manticore
Aim: a manticore (almost dead)
The flame tongue misses the manticore.
The manticore bites you!
* * * LOW HITPOINT WARNING * * *
The manticore claws you!
You die...

### ..# #.# ##.####
#.....###########
########..##....@H......
......##..†.........###.
#####.##..#########.#
#.##.## # #.##.# #.##.#
#..#†# #....# #..###


You could see a manticore.

Vanquished Creatures
  The ghost of Nr616 the Sneak, an amateur SpEn (D:5)
  A water moccasin (D:6)
  A sky beast (D:6)
  2 ogres
  A phantom (D:5)
  A centaur (D:6)
  3 bullfrogs
  The ghost of Nr616 the Magician, an amateur SpEn (D:4)
  A scorpion (D:4)
  A howler monkey (D:4)
  2 vampire bats (D:3)
  2 crimson imps
  A centaur zombie (D:5)
  A hound (D:5)
  A jelly (D:5)
  4 orc wizards
  2 orc priests (D:5)
  2 iguanas
  6 worker ants
  A hound skeleton (D:4)
  The ghost of Chaositek the Scratcher, a weakling FeTm of Uskayaw (D:3)
  2 worker ant zombies
  A howler monkey skeleton (D:6)
  7 adders
  3 gnolls (D:5)
  A shadow imp (D:6)
  2 oozes
  An adder zombie (D:6)
  2 worms
  7 leopard geckos
  7 orcs
  12 bats
  4 giant cockroaches
  12 goblins
  7 hobgoblins
  10 jackals
  5 quokkas
  A ball python (D:3)
  6 frilled lizards
  10 kobolds
  A leopard gecko skeleton (D:5)
  12 rats
149 creatures vanquished.

Notes
Turn   | Place    | Note
-------+----------+-------------------------------------------
     0 | D:1      | Plasmo the Draconian Fire Elementalist began the quest for the Orb.
     0 | D:1      | Reached XP level 1. HP: 14/14 MP: 3/3
   229 | D:1      | Reached XP level 2. HP: 16/22 MP: 0/5
   281 | D:1      | Learned a level 2 spell: Throw Flame
   910 | D:1      | Reached XP level 3. HP: 21/27 MP: 4/6
  1107 | D:1      | Reached skill level 1 in Fighting
  1421 | D:1      | Learned a level 3 spell: Conjure Flame
  1422 | D:1      | Gained mutation: Your muscles are strong. (Str +2) [potion of beneficial mutation]
  2604 | D:2      | Reached XP level 4. HP: 35/35 MP: 4/7
  2663 | D:2      | Found an iron altar of Okawaru.
  3097 | D:3      | Reached skill level 1 in Shields
  3098 | D:3      | Gained mutation: You are dopey. (Int -2) [potion of mutation]
  3098 | D:3      | Gained mutation: Your system is resistant to poisons. (rPois) [potion of mutation]
  3098 | D:3      | Gained mutation: Your spells are a little easier to cast, but a little less powerful. [potion of mutation]
  3199 | D:3      | Noticed Chaositek's ghost (weakling FeTm)
  3204 | D:3      | Killed Chaositek's ghost
  3204 | D:3      | Reached XP level 5. HP: 37/41 MP: 4/9
  3996 | D:3      | Gained mutation: You occasionally shout uncontrollably at your foes. [potion of mutation]
  3996 | D:3      | Gained mutation: You are clumsy. (Dex -2) [potion of mutation]
  3996 | D:3      | Gained mutation: You have a pair of small antennae on your head. [potion of mutation]
  4080 | D:4      | Found a snail-covered altar of Cheibriados.
  4136 | D:4      | Learned a level 4 spell: Sticky Flame
  4163 | D:4      | Reached XP level 6. HP: 44/48 MP: 10/10
  4232 | D:4      | Found a staircase to the Ecumenical Temple.
  4241 | Temple   | Entered the Ecumenical Temple
  4395 | Temple   | Became a worshipper of Vehumet
  4466 | D:4      | Reached skill level 1 in Unarmed Combat
  4558 | D:4      | Noticed Nr616's ghost (amateur SpEn)
  4583 | D:4      | Killed Nr616's ghost
  4583 | D:4      | Reached skill level 1 in Maces & Flails
  4755 | D:4      | Found a snail-covered altar of Cheibriados.
  4922 | D:4      | Your scales start taking on a golden yellow colour.
  4922 | D:4      | Reached XP level 7. HP: 56/56 MP: 12/12
  5115 | D:5      | Entered Level 5 of the Dungeon
  5149 | D:5      | Noticed Nr616's ghost (amateur SpEn)
  5197 | D:5      | Killed Nr616's ghost
  5197 | D:5      | Reached skill level 4 in Fire Magic
  6051 | D:5      | Reached XP level 8. HP: 59/63 MP: 14/14
  6117 | D:5      | Found Myezxiod's Food Shop.
  6159 | D:5      | You fall through a shaft!
  6457 | D:6      | Found a blossoming altar of Fedhas.
  6569 | D:5      | Found a stormy altar of Qazlal.
  6569 | D:5      | Found a faded altar of an unknown god.
  6574 | D:5      | Found a faded altar of an unknown god.
  6581 | D:5      | Found a faded altar of an unknown god.
  6589 | D:5      | Found a faded altar of an unknown god.
  7130 | D:6      | Reached * piety under Vehumet
  7130 | D:6      | Offered knowledge of Sandblast by Vehumet.
  7337 | D:6      | Found a bloodstained altar of Trog.
  7340 | D:6      | Found a shadowy altar of Dithmenos.
  7343 | D:6      | Found a glowing silver altar of Zin.
  7529 | D:6      | Reached skill level 5 in Fire Magic
  8121 | D:7      | Learned a level 3 spell: Mephitic Cloud
  8256 | D:7      | Noticed a manticore
  8269 | D:7      | Slain by a manticore

Skill      XL: |  1  2  3  4  5  6  7  8 |
---------------+-------------------------+-----
Dodging        | 2 3 |  3.7
Stealth        | 2 3 |  3.1
Fighting       | 1 2 3 4 |  4.3
Conjurations   | 2 3 4 |  4.2
Shields        | 1 2 3 |  3.8
Spellcasting   | 3 4 |  4.6
Unarmed Combat | 1 2 |  2.9
Maces & Flails | 1 2 |  2.9
Fire Magic     | 4 5 |  5.2
Air Magic      | |  0.6

Action                   |  1- 3 |  4- 6 |  7- 9 || total
-------------------------+-------+-------+-------++-------
Melee: Unarmed           |    82 |       |       ||    82
       Tailslap          |     5 |    13 |    12 ||    30
       Whip              |       |   117 |       ||   117
       Morningstar       |       |    28 |   166 ||   194
       Punch             |       |       |     1 ||     1
 Cast: Flame Tongue      |    72 |    76 |    98 ||   246
       Conjure Flame     |       |     1 |     1 ||     2
       Sticky Flame      |       |       |     7 ||     7
 Abil: Spit Acid         |       |       |     5 ||     5
  Use: Scroll            |     5 |     5 |     9 ||    19
       Potion            |     1 |     3 |     2 ||     6
 Stab: Sleeping          |     1 |     1 |       ||     2
       Distracted        |       |     1 |       ||     1
  Eat: Chunk             |     4 |     4 |     4 ||    12
       Fruit             |     3 |       |       ||     3
       Pizza             |       |     1 |     1 ||     2
       Meat ration       |       |     1 |     1 ||     2
       Beef jerky        |       |       |     1 ||     1
Armor: Skin              |    32 |    74 |    76 ||   182
Dodge: Dodged            |    62 |   134 |   157 ||   353
